cohdb
Replays
Latest Replays
All Replays
Popular Replays
Top Player Replays
Match Explorer
How It Works
Community
CoH3 Stats
Reddit
Sign in to upload your games and track your stats! →
Sign in with Steam
Match 43447505
Unlisted
Match 43447505
Overview
Messages
Build Orders
End
Construct Barracks
Selects Armored Battlegroup
Selects Veteran Crews
1⁄4-ton 4x4 Truck
Riflemen Squad
Riflemen Squad
Infantry Support Center
Riflemen Squad
Construct Medical Station
M1918 Browning Automatic Rifles
Riflemen Squad
Selects M31 Recovery Vehicle
Construct Weapon Support Center
Grenade Package
Bazooka Squad
Riflemen Squad
Advanced Logistics
Selects War Machine
Selects Fast Deploy
Riflemen Squad
Bazooka Squad
Bazooka Squad
Improved M9 Bazooka Rockets
Selects Seek and Destroy
ConcernedApe
TechBee
JIuMoH4uk
Doctor Guver
0
0
Comments
sign in to comment!
No comments posted yet!